 Dungeon Crawl Stone Soup version 0.28.0-45-g0d030f2227 (webtiles) character file.

Game seed: 9807706535668131630

607160 protoss039 the Slayer (level 26, -1/288 HPs)
             Began as a Demonspawn Conjurer on May 13, 2022.
             Was the Champion of Vehumet.
             Slain by a hellephant (12 damage)
             ... in the Vestibule of Hell on May 14, 2022.
             The game lasted 06:24:55 (118795 turns).

protoss039 the Slayer (Demonspawn Conjurer)       Turns: 118795, Time: 06:24:56

Health: -1/288     AC: 33    Str: 19    XL:     26   Next: 65%
Magic:  44/64      EV: 10    Int: 32    God:    Vehumet [******]
Gold:   3694       SH: 20    Dex: 19    Spells: 13/64 levels left

rFire   + . .      SeeInvis .   Q - +7 spear of Infinity {freeze, Will+ Str+4}
rCold   + . .      Faith    .   k - +5 kite shield {rC+}
rNeg    + + .      Spirit   .   (armour currently unavailable)
rPois   ∞          Reflect  .   (helmet unavailable)
rElec   +          Harm     .   b - +2 cloak {rPois}
rCorr   +          Rampage  .   (gloves currently unavailable)
Will    ++++.                   (boots currently unavailable)
Stlth   +++.......              j - macabre finger necklace {rN+}
HPRegen 0.58/turn               V - +6 ring of intelligence
MPRegen 0.39/turn               y - ring "Coas" {+Blink rCorr MP+9 Str+6 Int-3}
                                h - ring of Lughos {Will+ MP+9 Dex+6 Slay+2}

@: sluggish, statue-form, very slightly contaminated, hasted, constricted, very
slow
A: slow and powerful, torment resistance 1, boosted hp, horns 3, molten scales
3, demonic guardian 3, foul stench 3, torment resistance 1, demonic willpower,
MP-powered wands
}: 3/15 runes: barnacled, silver, gossamer
a: End Transformation, Renounce Religion, Evoke Blink


You were in the Vestibule of Hell.
You worshipped Vehumet.
Vehumet was exalted by your worship.
You were a living statue of rough stone.
You visited 12 branches of the dungeon, and saw 53 of its levels.
You also visited: Sewer, Bailey and Volcano.

You collected 8944 gold pieces.
You spent 5250 gold pieces at shops.

Inventory:

Hand Weapons
 Q - the +7 spear of Infinity (weapon) {freeze, Will+ Str+4}
   (You found it on level 3 of the Elven Halls)

   It freezes those it strikes, dealing additional cold damage.
   It can also slow down cold-blooded creatures.
   Str:       It affects your strength (+4).
   Will:      It increases your willpower.
 T - a +9 broad axe of draining
Missiles
 e - 20 silver javelins (quivered)
 L - 18 throwing nets
Armour
 b - a +2 cloak of poison resistance (worn)
 k - a +5 kite shield of cold resistance (worn)
 p - a +2 pair of boots (melded)
 s - the +1 scale mail of Leapfrog (melded) {rElec rN++ rCorr Str-5}
   (You bought it in a shop on level 2 of the Orcish Mines)

   Str:       It affects your strength (-5).
   rElec:     It insulates you from electricity.
   rN:        It greatly protects you from negative energy.
   rCorr:     It protects you from acid and corrosion.
 E - a +2 pair of gloves (melded)
 F - the +1 leather armour "Reih" {-Tele rC+ rCorr MP+9}
   (You bought it in a shop on level 14 of the Dungeon)

   rC:        It protects you from cold.
   MP:        It affects your magic capacity (+9).
   -Tele:     It prevents most forms of teleportation.
   rCorr:     It protects you from acid and corrosion.
 U - the +4 plate armour "Jiamay" {rPois SInv}
   (You found it on level 5 of the Vaults)

   rPois:     It protects you from poison.
   SInv:      It lets you see invisible.
 X - a +5 kite shield of reflection
Magical Staves
 a - a staff of conjuration
Jewellery
 h - the ring of Lughos (on amulet) {Will+ MP+9 Dex+6 Slay+2}
   (You bought it in a shop on level 3 of the Vaults)

   [ring of dexterity]

   Dex:       It affects your dexterity (+6).
   Slay:      It affects your accuracy & damage with ranged weapons and melee
   (+2).
   MP:        It affects your magic capacity (+9).
   Will:      It increases your willpower.
 i - a ring of wizardry
 j - the macabre finger necklace (around neck) {rN+}
   (You found it on level 3 of the Elven Halls)

   [amulet of nothing]

   It enables you to equip an extra ring.
   rN:        It protects you from negative energy.
 y - the ring "Coas" (right fist) {+Blink rCorr MP+9 Str+6 Int-3}
   (You acquired it in a bailey)

   [ring of resist corrosion]

   Str:       It affects your strength (+6).
   Int:       It affects your intelligence (-3).
   MP:        It affects your magic capacity (+9).
   +Blink:    It lets you blink.
   rCorr:     It protects you from acid and corrosion.
 H - the ring "Bizoon" {*Corrode Fly rN++ Will+ Dex+6}
   (You found it on level 3 of the Crypt)

   [ring of dexterity]

   Dex:       It affects your dexterity (+6).
   rN:        It greatly protects you from negative energy.
   Fly:       It grants you flight.
   *Corrode:  It may corrode you when you take damage.
   Will:      It increases your willpower.
 R - the ring "Vinep" {rF+ Int+4}
   (You took it off a deep elf demonologist on level 3 of the Elven Halls)

   [ring of protection from fire]

   Int:       It affects your intelligence (+4).
   rF:        It protects you from fire.
 V - a +6 ring of intelligence (left fist)
Wands
 v - a wand of digging (35)
 D - a wand of iceblast (51)
Scrolls
 d - 3 scrolls of teleportation
 n - 3 scrolls of brand weapon
 o - 10 scrolls of fear
 t - 7 scrolls of immolation
 w - a scroll of summoning
 B - 5 scrolls of blinking
 C - 3 scrolls of enchant armour
 G - 8 scrolls of fog
 M - 7 scrolls of enchant weapon
 N - 5 scrolls of magic mapping
 S - 5 scrolls of torment
Potions
 f - 13 potions of curing
 g - 8 potions of lignification
 l - 2 potions of mutation
 q - 5 potions of berserk rage
 r - 4 potions of resistance
 u - 9 potions of flight
 x - a potion of magic
 z - 11 potions of haste
 A - 12 potions of cancellation
 J - 7 potions of might
 O - 10 potions of brilliance
 P - a potion of invisibility
 Z - 4 potions of ambrosia
Miscellaneous
 m - a condenser vane
 I - a phantom mirror
 K - a tin of tremorstones (inert)


   Skills:
 + Level 21.0 Fighting
 - Level 3.0 Staves
 - Level 18.0 Armour
 - Level 3.0 Dodging
 - Level 3.0 Stealth
 + Level 18.2 Shields
 * Level 19.9 Spellcasting
 + Level 15.0 Conjurations
 + Level 12.0 Necromancy
 + Level 10.5 Transmutations
 + Level 15.1 Fire Magic
 - Level 3.0 Ice Magic
 * Level 13.4 Earth Magic


You had 13 spell levels left.
You knew the following spells:

 Your Spells              Type           Power      Damage    Failure   Level
a - Statue Form           Tmut/Erth      55%        N/A       1%          6
b - Passwall              Tmut/Erth      69%        N/A       1%          2
d - Swiftness             Air            31%        N/A       4%          3
e - Irradiate             Conj/Tmut      42%        3d27      1%          5
f - Ignition              Fire           46%        3d13      6%          8
g - Mephitic Cloud        Conj/Pois/Air  59%        N/A       1%          3
h - Freezing Cloud        Conj/Ice/Air   31%        6-21      1%          5
i - Borgnjor's Vile Clut  Necr/Erth      42%        N/A       1%          5
j - Iron Shot             Conj/Erth      44%        9d9       1%          6
k - Lehudib's Crystal Sp  Conj/Erth      44%        10d11     9%          8

Your spell library contained the following spells:

 Spells                   Type           Power      Damage    Failure   Level
 Chain Lightning          Conj/Air       34%        3d45      100%        9
 Polar Vortex             Ice            25%        N/A       100%        9
 Animate Skeleton         Necr           100%       N/A       0%          1
 Foxfire                  Conj/Fire      100%       2x1d9     0%          1
 Magic Dart               Conj           100%       1d8       0%          1
 Pain                     Necr           100%       1d9       0%          1
 Sandblast                Erth           100%       2d20      0%          1
 Searing Ray              Conj           100%       2d8       0%          2
 Conjure Flame            Conj/Fire      91%        6-21      0%          3
 Stone Arrow              Conj/Erth      100%       3d13      0%          3
 Apportation              Tloc           62%        N/A       1%          1
 Beastly Appendage        Tmut           100%       N/A       1%          1
 Freeze                   Ice            100%       1d11      1%          1
 Shock                    Conj/Air       100%       1d9       1%          1
 Slow                     Hex            100%       N/A       1%          1
 Sting                    Tmut/Pois      100%       1d8       1%          1
 Summon Small Mammal      Summ           100%       N/A       1%          1
 Corpse Rot               Necr/Air       100%       N/A       1%          2
 Ensorcelled Hibernation  Hex/Ice        82%        N/A       1%          2
 Poisonous Vapours        Pois/Air       62%        N/A       1%          2
 Static Discharge         Conj/Air       68%        N/A       1%          2
 Sublimation of Blood     Necr           83%        N/A       1%          2
 Wereblood                Tmut           79%        N/A       1%          2
 Dazzling Flash           Conj/Hex       100%       N/A       1%          3
 Frozen Ramparts          Ice            100%       1d12      1%          3
 Ignite Poison            Fire/Tmut/Pois 72%        N/A       1%          3
 Inner Flame              Hex/Fire       69%        N/A       1%          3
 Ozocubu's Armour         Ice            50%        N/A       1%          3
 Spider Form              Tmut/Pois      60%        N/A       1%          3
 Vampiric Draining        Necr           83%        2d11      1%          3
 Anguish                  Hex/Necr       31%        N/A       1%          4
 Animate Armour           Summ/Erth      100%       N/A       1%          4
 Animate Dead             Necr           41%        N/A       1%          4
 Dispel Undead            Necr           83%        3d27      1%          4
 Flame Wave               Conj/Fire      91%        2d15      1%          4
 Fulminant Prism          Conj/Hex       34%        3d16      1%          4
 Hailstorm                Conj/Ice       74%        3d15      1%          4
 Ice Form                 Ice/Tmut       66%        N/A       1%          4
 Iskenderun's Mystic Bla  Conj/Tloc      68%        2d14      1%          4
 Leda's Liquefaction      Hex/Erth       33%        N/A       1%          4
 Petrify                  Tmut/Erth      83%        N/A       1%          4
 Sticky Flame             Conj/Fire      91%        2d10      1%          4
 Agony                    Necr           83%        N/A       1%          5
 Blade Hands              Tmut           39%        N/A       1%          5
 Fireball                 Conj/Fire      45%        3d18      1%          5
 Iskenderun's Battlesphe  Conj           91%        2d14      1%          5
 Lee's Rapid Deconstruct  Erth           43%        3d22*     1%          5
 Lightning Bolt           Conj/Air       34%        1d51      1%          5
 Yara's Violent Unravell  Hex/Tmut       30%        3d13      1%          5
 Death Channel            Necr           41%        N/A       1%          6
 Starburst                Conj/Fire      45%        6d13      1%          6
 Orb of Destruction       Conj           45%        9d12      1%          7
 Blink                    Tloc           62%        N/A       2%          2
 Conjure Ball Lightning   Conj/Air       34%        3x3d11    3%          6
 Call Canine Familiar     Summ           31%        N/A       4%          3
 Confusing Touch          Hex            31%        N/A       4%          3
 Gell's Gravitas          Tloc           31%        N/A       4%          3
 Lesser Beckoning         Tloc           31%        N/A       4%          3
 Portal Projectile        Hex/Tloc       62%        N/A       4%          3
 Summon Guardian Golem    Hex/Summ       31%        N/A       4%          3
 Teleport Other           Tloc           31%        N/A       4%          3
 Airstrike                Air            15%        N/A       4%          4
 Olgreb's Toxic Radiance  Pois           31%        N/A       4%          4
 Alistair's Intoxication  Tmut/Pois      40%        N/A       5%          5
 Eringya's Noxious Bog    Tmut/Pois      30%        N/A       8%          6
 Summon Ice Beast         Ice/Summ       41%        N/A       9%          4
 Simulacrum               Ice/Necr       34%        N/A       12%         6
 Cause Fear               Hex            15%        N/A       17%         4
 Summon Lightning Spire   Summ/Air       31%        N/A       17%         4
 Spellforged Servitor     Conj/Summ      34%        N/A       17%         7
 Dragon Form              Tmut           39%        N/A       19%         7
 Metabolic Englaciation   Hex/Ice        20%        N/A       26%         5
 Manifold Assault         Tloc           31%        N/A       43%         5
 Silence                  Hex/Air        15%        N/A       43%         5
 Borgnjor's Revivificati  Necr           41%        N/A       58%         8
 Infestation              Necr           41%        N/A       58%         8
 Fire Storm               Conj/Fire      45%        8d12      61%         9
 Necromutation            Tmut/Necr      40%        N/A       71%         8
 Haunt                    Necr/Summ      31%        N/A       75%         7
 Shatter                  Erth           43%        3d34*     82%         9
 Storm Form               Tmut/Air       30%        N/A       85%         7
 Dispersal                Tloc           15%        N/A       95%         6
 Enfeeble                 Hex            15%        N/A       100%        7
 Disjunction              Tloc           15%        N/A       100%        8
 Maxwell's Capacitive Co  Air            15%        ∞         100%        8
 Death's Door             Necr           41%        N/A       100%        9
 Dragon's Call            Summ           15%        N/A       100%        9


Dungeon Overview and Level Annotations

Branches:
Dungeon (15/15)            Temple (1/1) D:4            Lair (6/6) D:9
 Shoals (4/4) Lair:4       Spider (4/4) Lair:4        Slime (0/5) Lair:5
    Orc (2/2) D:9             Elf (3/3) Orc:2        Vaults (5/5) D:14
  Crypt (3/3) Vaults:3       Tomb (0/3) Crypt:3      Depths (4/4) D:15
   Hell (1/1)                 Zot (5/5) Depths:4      Sewer (visited)
 Bailey (visited)         Volcano (visited)
    Dis: Hell:1         Geh: Hell:1         Coc: Hell:1         Tar: Hell:1

Altars:
Ashenzari
Cheibriados
Dithmenos
Elyvilon
Fedhas
Gozag
Hepliaklqana
Kikubaaqudgha
Makhleb
Nemelex Xobeh
Okawaru
Qazlal
Ru
Sif Muna
Trog
Uskayaw
Vehumet
Wu Jian
Xom
Yredelemnul
Zin
The Shining One
Jiyva

Shops:
D:5 *   D:10 (   D:14 *=![   Orc:2 ?[?(   Elf:1 [   Shoals:3 ?   Vaults:1 (
Vaults:3 ((=   Vaults:4 *   Depths:3 *=[[

Portals:
Hell: Depths:1 Depths:2 Depths:3 Depths:4
Abyss: Depths:1 Depths:3
Pandemonium: Depths:2
Ziggurat: Depths:1

Annotations:
D:15 6 transporters
Crypt:2 2 transporters


Innate Abilities, Weirdness & Mutations

You are a living statue of rough stone.
Your actions are slow, but your melee attacks are powerful.
You are resistant to unholy torment.
Your maximum health is greatly increased.
You are immune to poison.
Your equipment is partially melded.
You have a pair of large horns on your head.
(You are completely covered in molten scales. (AC +4, rF+))
A powerful demonic guardian rushes to your aid.
You frequently emit foul miasma when damaged in melee.
You are resistant to unholy torment.
You punish those that try to bend your will. (Will+)
You expend magic power (3 MP) to strengthen your wands.


Message History

The tentacled monstrosity tentacle-slaps you but does no damage.
You block the tentacled monstrosity's attack.
The tentacled monstrosity constricts you!
* * * LOW HITPOINT WARNING * * *
A demonic guardian appears!
The reaper is engulfed in freezing vapours.
The reaper hits you from afar with a +1 scythe of protection!!
* * * LOW HITPOINT WARNING * * *
Your Hell Sentinel hits the hell knight.
Your Hell Sentinel hits the hell knight!!
The hell knight dies!
Vehumet accepts your kill. The hellephant tramples you!!
* * * LOW HITPOINT WARNING * * *
You are held in place!
You emit a cloud of foul miasma!
You block the hellephant's attack.
The hellephant gores you but does no damage.
You block the hell hog's attack.
The reaper is engulfed in freezing vapours.
The reaper hits you from afar with a +2 scythe of flaming.
* * * LOW HITPOINT WARNING * * *
The reaper is engulfed in freezing vapours.
The reaper hits you but does no damage.
The tentacled monstrosity tentacle-slaps you but does no damage. x3
The tentacled monstrosity constricts you!
* * * LOW HITPOINT WARNING * * *
Your Hell Sentinel barely misses the hellephant.
Your Hell Sentinel hits the hellephant but does no damage.
A hell knight comes into view. It is wielding a +4 battleaxe.
Unknown command.
Unknown command.
Unknown command.
Okay, then.
Unknown command.
Okay, then.
You feel yourself speed up.
Your Executioner gestures.
Your Executioner seems to speed up.
You block the hellephant's attack. The hellephant bites you!
You die...

#.p. . #.... ..
#○§.§. ≈..
#..§°.. ≈...
##..§§.§.
≈....##.)☼.☼°..
≈..3.h.h)2.§..∩
≈...h{X812§}..(
.......Y§§§§..∩
.....##.1§..§..
.... ##.......
... #...... ..
#..... . #....
#...


You could see a hellephant (ally target), a tentacled monstrosity, 2 reapers, a
hell knight, a soul eater, 3 hell hogs, a friendly Hell Sentinel (summoned) and
a friendly Executioner (summoned, fast).

Vanquished Creatures
  A dread lich (Zot:5)
  3 ancient liches
  3 orbs of fire (Zot:5)
  Sojobo (Crypt:1)
  A juggernaut (Depths:2)
  3 Killer Klowns
  Bai Suzhen (Shoals:4)
  Margery (Vaults:4)
  3 curse toes
  Frederick (Crypt:3)
  The ghost of simples the Invulnerable, a veteran MiFi of Jiyva (Zot:4)
  Geryon (Hell)
  Nikola (Vaults:2)
  10 golden dragons
  Jory (Vaults:5)
  A profane servitor (Crypt:3)
  4 bone dragons
  A doom hound (Depths:1)
  4 electric golems
  2 hellephants (Depths:1)
  12 tentacled monstrosities
  2 liches
  21 Orb Guardians (Zot:5)
  6 quicksilver dragons
  3 deep elf blademasters
  Polyphemus (Shoals:3)
  5 deep elf master archers
  8 titans
  A kraken (Shoals:3)
  10 sphinxes
  A walking divine tome (Depths:4)
  7 ancient champions
  8 death cobs
  16 tengu reavers
  Frances (Shoals:2)
  Kirke (Lair:6)
  Roxanne (Spider:2)
  15 shadow dragons
  3 draconian knights
  6 storm dragons
  2 revenants
  9 fire giants
  8 draconian monks
  2 orc warlords
  8 emperor scorpions
  Aizul (Shoals:3)
  An iron dragon (Vaults:5)
  16 frost giants
  13 vault wardens
  2 curse skulls
  4 draconian scorchers
  10 ghost moths
  3 draconian stormcallers
  3 deep elf sorcerers
  2 broodmothers
  4 spectral caustic shrikes (Depths:4)
  The ghost of Umiz the Severer, a journeyman HOFi of Okawaru (Lair:6)
  A reaper (Depths:1)
  10 draconian annihilators
  2 ghouls
  3 draconian shifters
  8 ironbound preservers
  13 stone giants
  A war gargoyle (Vaults:5)
  Nessos (Lair:6)
  3 deep elf elementalists (Elf:3)
  28 very ugly things
  2 spriggan defenders
  7 ironbound thunderhulks
  2 deep elf annihilators (Elf:3)
  15 black draconians
  17 green draconians
  2 putrid mouths
  8 deep elf demonologists
  8 vampire knights
  6 spark wasps
  3 entropy weavers
  8 yellow draconians
  13 white draconians
  11 dire elephants
  An entropy weaver (shapeshifter) (D:14)
  15 purple draconians
  The ghost of Mupoaf the Thaumaturge, a journeyman DEVM of Sif Muna (Spider:3)
  6 red draconians
  3 fire dragons
  5 merfolk javelineers
  12 merfolk impalers
  14 ettins
  2 eidola (Crypt:2)
  Josephine (D:10)
  A crystal guardian (Vaults:3)
  12 jiangshi
  10 yaktaur captains
  9 deep elf death magi
  5 deep elf high priests (Elf:3)
  9 great orbs of eyes
  3 rakshasas
  11 hydras
  13 boulder beetles
  6 ice dragons
  2 jorogumos (Spider:2)
  A juggernaut simulacrum (Depths:2)
  2 spriggan air magi
  27 vault guards
  5 ogre magi
  A jorogumo (shapeshifter) (Vaults:5)
  A peacekeeper (Vaults:3)
  2 merfolk avatars
  An alligator snapping turtle (Shoals:1)
  4 catoblepae
  A radroach (Spider:3)
  5 merfolk aquamancers
  A catoblepas (shapeshifter) (Vaults:5)
  5 death knights
  9 ironbound frosthearts
  18 dancing weapons
  17 centaur warriors
  A satyr (Shoals:4)
  21 two-headed ogres
  6 tengu warriors
  The ghost of Faeu the Protected, a novice MiFi of Hepliaklqana (D:8)
  4 deep troll shamans
  4 hell hogs (Hell)
  14 death yaks
  3 deep troll earth magi
  6 vampire magi
  A titan zombie (Depths:2)
  4 spriggan berserkers
  14 deep elf knights
  8 hell knights
  Sonja (D:10)
  A soul eater (Hell)
  4 iron trolls (Depths:1)
  7 pharaoh ants
  A salamander mystic (Depths:1)
  31 skeletal warriors
  5 shadow wraiths
  A golden dragon zombie (Depths:2)
  A sun moth (Spider:4)
  8 steelbarb worms
  23 sea snakes
  9 orb spiders
  3 glowing orange brains
  34 deep trolls
  13 lindwurms
  3 flayed ghosts
  An anaconda zombie (Crypt:3)
  2 bog bodies (Crypt:1)
  8 necromancers
  Pikel (D:7)
  A shadow dragon zombie (Crypt:1)
  An orange crystal statue (Zot:5)
  6 wizards
  19 ironbound convokers
  A bunyip skeleton (Crypt:1)
  8 orc knights
  An anaconda skeleton (Crypt:2)
  20 deep elf zephyrmancers
  11 phantasmal warriors
  A golden dragon skeleton (Depths:2)
  6 deep elf archers
  19 deep elf pyromancers
  24 wolf spiders
  7 cyclopes
  23 harpies
  A moth of wrath (shapeshifter) (Vaults:5)
  22 manticores
  A jorogumo skeleton (Crypt:2)
  A cyclops (shapeshifter) (D:14)
  10 merfolk sirens
  A salamander (shapeshifter) (Vaults:5)
  35 ugly things
  9 fauns
  15 elephants
  4 salamanders
  7 vault sentinels
  30 moths of wrath
  2 smoke demons (Volcano)
  3 black mambas
  A frost giant skeleton (Vaults:5)
  A rust devil (Hell)
  2 torpor snails
  A naga zombie (Crypt:3)
  8 water nymphs
  9 cane toads
  2 gargoyles (D:10)
  A human zombie (Vaults:5)
  Psyche (D:9)
  A rime drake (Lair:5)
  3 kobold demonologists (D:10)
  An efreet (D:15)
  26 yaktaurs
  8 demonic crawlers
  A tormentor (Depths:1)
  4 komodo dragons
  6 freezing wraiths
  A spectral naga (Crypt:3)
  A bunyip simulacrum (Crypt:1)
  10 tengu conjurers
  2 harpy zombies
  A catoblepas skeleton (Crypt:2)
  5 meliai
  A meliai (shapeshifter) (D:14)
  A hornet (D:10)
  A death drake zombie (Crypt:1)
  4 polar bears
  7 wind drakes
  27 merfolk
  27 tarantellas
  17 trolls
  6 blink frogs
  13 dream sheep
  22 slime creatures
  A harpy skeleton (Crypt:1)
  9 snapping turtles
  4 tyrant leeches (Spider:3)
  An ettin zombie (Vaults:5)
  A jumping spider (shapeshifter) (Vaults:5)
  An ice dragon skeleton (Crypt:1)
  21 culicivoras
  29 jumping spiders
  Sigmund (D:3)
  7 shadows
  A fire dragon skeleton (Crypt:1)
  48 flying skulls (Crypt:3)
  A vampire (D:12)
  7 wraiths
  2 air elementals
  2 centaur simulacra
  6 wyverns
  21 yaks
  23 water elementals
  4 small abominations (Crypt:3)
  3 fire bats (Depths:2)
  5 fire elementals
  7 steam dragons
  A ynoxinul (D:8)
  Grum (D:9)
  4 basilisks
  A hog (Lair:6)
  A human (Lair:6)
  58 redbacks
  2 wargs
  10 vampire mosquitoes
  An acid dragon (D:12)
  A floating eye (Depths:3)
  A hell hound (Volcano)
  10 water moccasins
  2 black bears
  A sky beast (D:5)
  19 orc warriors
  28 ogres
  A dream sheep skeleton (Crypt:1)
  4 necrophages (Crypt:3)
  19 wolves
  5 boggarts (Vaults:3)
  17 centaurs
  A lindwurm skeleton (Crypt:1)
  3 lemures (D:7)
  3 phantoms
  A kobold brigand (D:9)
  3 gnoll sergeants (D:9)
  7 bullfrogs
  2 earth elementals
  A water moccasin zombie (D:6)
  4 scorpions
  A polar bear zombie (Crypt:1)
  2 water moccasin skeletons
  4 wights (D:9)
  5 howler monkeys
  4 electric eels
  A yak skeleton (Crypt:2)
  4 centaur zombies
  5 hounds
  19 orc priests
  2 jellies
  A bullfrog skeleton (D:7)
  A centaur skeleton (D:6)
  Jessica (D:2)
  Ijyb (D:4)
  Natasha (thrice) (D:2)
  2 iguanas
  17 orc wizards
  An acid dragon zombie (Crypt:1)
  A tengu skeleton (Crypt:1)
  A deep dwarf skeleton (Crypt:2)
  2 hound skeletons (D:4)
  A howler monkey zombie (D:8)
  13 gnolls
  A howler monkey skeleton (Crypt:2)
  9 adders
  11 river rats
  2 shadow imps
  2 white imps
  An ufetubus (D:5)
  2 adder skeletons (D:4)
  2 worms
  4 dart slugs
  65 orcs
  10 endoplasms
  5 giant cockroaches
  12 goblins
  15 hobgoblins
  6 jackals
  22 kobolds
  4 quokkas
  11 ball pythons
  8 bats
  9 frilled lizards
  A jackal zombie (Crypt:2)
  19 rats
  2 fulminant prisms (D:13)
  2 tentacles (Shoals:3)
2163 creatures vanquished.

Vanquished Creatures (collateral kills)
  A dread lich (Zot:5)
  An ancient lich (Zot:5)
  The ghost of ShutUppercut the Conqueror, a legendary DsGl of Qazlal (Zot:3)
  A Killer Klown (Zot:5)
  A golden dragon (Zot:2)
  3 electric golems
  A doom hound (Hell)
  A titan (Vaults:5)
  4 Orb Guardians (Zot:5)
  A quicksilver dragon (Zot:5)
  A death cob (Zot:2)
  A sphinx (Vaults:4)
  3 storm dragons (Zot:3)
  A shadow dragon (Vaults:5)
  A revenant (Crypt:2)
  2 fire giants
  A draconian scorcher (Zot:5)
  An emperor scorpion (Spider:1)
  A curse skull (Crypt:2)
  A deep elf elementalist (Elf:3)
  3 ironbound preservers
  A vampire knight (Crypt:2)
  A green draconian (Depths:4)
  2 purple draconians
  A white draconian (Depths:4)
  The ghost of Nutum the Martial Artist, a journeyman OpTm of Okawaru (Lair:6)
  A deep elf death mage (Vaults:5)
  A jiangshi (Crypt:3)
  A yaktaur captain (Vaults:4)
  A hydra (Lair:1)
  A deep elf high priest (Elf:3)
  A fenstrider witch zombie (Crypt:2)
  3 centaur warriors
  A dancing weapon (Elf:3)
  A death knight (Crypt:2)
  A tengu warrior (D:14)
  A two-headed ogre (Orc:2)
  2 death yaks
  A deep elf knight (Elf:2)
  3 hell knights (Hell)
  5 skeletal warriors
  2 deep trolls (Vaults:5)
  2 flayed ghosts (Crypt:2)
  An orc knight (Bailey)
  A wizard (Vaults:2)
  A harpy (Vaults:1)
  A phantasmal warrior (Crypt:2)
  A deep elf zephyrmancer (Elf:2)
  A manticore (Lair:6)
  A wolf spider (Spider:1)
  An ugly thing (Vaults:2)
  A frost giant zombie (Crypt:2)
  A vault sentinel (Vaults:2)
  A water nymph (Shoals:3)
  A cane toad (Lair:3)
  A demonic crawler (Spider:1)
  A freezing wraith (Crypt:2)
  2 merfolk
  A meliai (Spider:3)
  A troll (D:10)
  2 tarantellas
  3 slime creatures
  A snapping turtle (Shoals:4)
  A flying skull (Crypt:3)
  A fire elemental (Elf:3)
  2 wraiths (Crypt:2)
  Menkaure (D:5)
  2 orc warriors (D:9)
  4 ogres (Orc:2)
  A centaur (D:10)
  4 kobold brigands (D:9)
  A bullfrog (Lair:5)
  A centaur zombie (D:8)
  2 iguanas
109 creatures vanquished.

Vanquished Creatures (others)
  A fire giant (Depths:3)
  A draconian knight (Zot:1)
  A draconian scorcher (Zot:1)
  2 yellow draconians
  A deep elf zephyrmancer (Elf:2)
  2 deep elf pyromancers (Elf:3)
  A manticore (Shoals:1)
  A wraith (Crypt:1)
  4 humans (Lair:6)
  A killer bee (D:10)
  29 fulminant prisms
  47 fungi
  197 plants
  20 tentacles (Shoals:3)
  6 withered plants (Lair:6)
314 creatures vanquished.

Grand Total: 2586 creatures vanquished

Notes
Turn   | Place    | Note
-------+----------+-------------------------------------------
     0 | D:1      | protoss039 the Demonspawn Conjurer began the quest for the
                  | Orb.
     0 | D:1      | Reached XP level 1. HP: 13/13 MP: 3/3
   279 | D:1      | Gained mutation: You have a pair of small horns on your
                  | head. [demonic ancestry]
   279 | D:1      | Reached XP level 2. HP: 19/19 MP: 0/5
  1254 | D:2      | Learned a level 2 spell: Searing Ray
  1431 | D:2      | Noticed Natasha
  1447 | D:2      | Killed Natasha
  1448 | D:2      | Reached XP level 3. HP: 9/24 MP: 1/7
  1806 | D:2      | Gained mutation: You have a pair of horns on your head.
                  | [demonic ancestry]
  1806 | D:2      | Reached XP level 4. HP: 21/30 MP: 3/8
  1888 | D:2      | Noticed Natasha
  1894 | D:2      | Killed Natasha
  1895 | D:2      | Reached skill level 5 in Conjurations
  2348 | D:2      | Noticed Jessica
  2348 | D:2      | Noticed Natasha
  2510 | D:2      | Killed Natasha
  2796 | D:2      | Killed Jessica
  2797 | D:2      | Gained mutation: You are partially covered in molten
                  | scales. (AC +2) [demonic ancestry]
  2797 | D:2      | Reached XP level 5. HP: 28/35 MP: 6/10
  3256 | D:3      | Found a faded altar of an unknown god.
  3535 | D:3      | Noticed Sigmund
  3545 | D:3      | Killed Sigmund
  3546 | D:3      | Gained mutation: A weak demonic guardian rushes to your
                  | aid. [demonic ancestry]
  3546 | D:3      | Reached XP level 6. HP: 41/41 MP: 1/12
  4102 | D:4      | Found a staircase to the Ecumenical Temple.
  4253 | Temple   | Entered the Ecumenical Temple
  4857 | Temple   | Became a worshipper of Vehumet
  5136 | D:4      | HP: 1/41 [iguana (9)]
  5137 | D:4      | Reached skill level 5 in Spellcasting
  5844 | D:4      | Gained mutation: You are mostly covered in molten scales.
                  | (AC +3) [demonic ancestry]
  5844 | D:4      | Reached XP level 7. HP: 37/46 MP: 14/14
  5933 | D:4      | Learned a level 3 spell: Dazzling Flash
  6029 | D:4      | Reached * piety under Vehumet
  6029 | D:4      | Offered knowledge of Foxfire by Vehumet.
  6266 | D:4      | Noticed Ijyb
  6272 | D:4      | Killed Ijyb
  6465 | D:5      | Entered Level 5 of the Dungeon
  6510 | D:5      | Noticed Menkaure
  6520 | D:5      | Killed Menkaure
  6521 | D:5      | Gained mutation: You have a pair of large horns on your
                  | head. [demonic ancestry]
  6521 | D:5      | Reached XP level 8. HP: 43/52 MP: 10/17
  6814 | D:5      | Found Veidd's General Store.
  6837 | D:5      | Found a broken altar of Ashenzari.
  7098 | D:5      | Found a glowing drain.
  7108 | Sewer    | Entered a sewer
  7379 | Sewer    | Reached ** piety under Vehumet
  7379 | Sewer    | Offered knowledge of Static Discharge by Vehumet.
  7436 | Sewer    | Learned a level 2 spell: Static Discharge
  8092 | D:6      | Learned a level 4 spell: Fulminant Prism
  8238 | D:6      | Reached skill level 1 in Fighting
  8368 | D:6      | Reached skill level 2 in Fighting
  8439 | D:6      | Reached XP level 9. HP: 62/62 MP: 13/20
  8497 | D:6      | Reached skill level 3 in Fighting
  8992 | D:6      | Learned a level 4 spell: Flame Wave
  9062 | D:7      | Offered knowledge of Mephitic Cloud by Vehumet.
  9113 | D:7      | Learned a level 3 spell: Mephitic Cloud
  9219 | D:7      | Noticed Pikel
  9232 | D:7      | Killed Pikel
  9233 | D:7      | Reached skill level 4 in Fighting
  9357 | D:7      | Reached skill level 5 in Fighting
 10408 | D:7      | Identified the +1 scale mail of Dogma {Str+7}
 10560 | D:8      | Reached *** piety under Vehumet
 10561 | D:8      | Reached skill level 1 in Armour
 10769 | D:8      | Found a runed translucent door.
 10769 | D:8      | Noticed Faeu's ghost (novice MiFi)
 10874 | D:8      | Reached skill level 6 in Fighting
 11338 | D:8      | Gained mutation: A demonic guardian rushes to your aid.
                  | [demonic ancestry]
 11338 | D:8      | Reached XP level 10. HP: 76/76 MP: 16/22
 11382 | D:8      | Offered knowledge of Ignite Poison by Vehumet.
 11671 | D:8      | Learned a level 5 spell: Irradiate
 11686 | D:9      | Noticed Grum
 11694 | D:9      | Killed Grum
 11696 | D:9      | Reached skill level 10 in Conjurations
 11810 | D:9      | Noticed Psyche
 11817 | D:9      | Killed Psyche
 12207 | D:9      | Noticed a death yak
 12208 | D:9      | Noticed a death yak
 12210 | D:9      | Found a staircase to the Lair.
 12210 | D:9      | Noticed a death yak
 12211 | D:9      | Noticed a death yak
 12211 | D:9      | Noticed a death yak
 12278 | D:8      | Killed a death yak
 12562 | D:9      | Reached **** piety under Vehumet
 12829 | D:9      | Found a staircase to the Orcish Mines.
 12837 | D:9      | Offered knowledge of Freezing Cloud by Vehumet.
 12842 | D:9      | Reached skill level 7 in Fighting
 12843 | D:9      | Reached skill level 5 in Armour
 13046 | D:9      | Killed a death yak
 13056 | D:9      | Killed a death yak
 13057 | D:9      | Gained mutation: You may rarely emit foul miasma when
                  | damaged in melee. [demonic ancestry]
 13057 | D:9      | Reached XP level 11. HP: 37/84 MP: 20/24
 13524 | D:9      | Killed a death yak
 13556 | D:9      | Killed a death yak
 13788 | D:9      | Learned a level 5 spell: Freezing Cloud
 13789 | D:10     | Entered Level 10 of the Dungeon
 13824 | D:10     | Noticed Sonja
 13832 | D:10     | Reached skill level 1 in Shields
 13842 | D:10     | Killed Sonja
 13915 | D:10     | Reached skill level 8 in Fighting
 14380 | D:10     | Found a flagged portal.
 14399 | Bailey   | Entered a bailey
 14497 | Bailey   | Noticed an orc knight
 14534 | Bailey   | Reached ***** piety under Vehumet
 14534 | Bailey   | Offered knowledge of Ozocubu's Refrigeration by Vehumet.
 14564 | Bailey   | Killed an orc knight
 14611 | Bailey   | Noticed an orc warlord
 14663 | Bailey   | Noticed an orc knight
 14689 | Bailey   | Killed an orc knight
 14841 | Bailey   | Found a runed translucent gate.
 14844 | Bailey   | Found a runed translucent gate.
 14846 | Bailey   | Found a runed translucent gate.
 14909 | Bailey   | Acquired the ring "Coas" {+Blink rCorr MP+9 Str+6 Int-3}
 14970 | Bailey   | Killed an orc warlord
 14971 | Bailey   | Reached skill level 10 in Spellcasting
 15019 | Bailey   | Acquired a staff of conjuration
 15165 | D:10     | Found Agroomui's Weapon Emporium.
 15387 | D:10     | Noticed an eight-headed hydra
 15396 | D:10     | Killed an eight-headed hydra
 15704 | D:10     | Reached XP level 12. HP: 51/94 MP: 26/26
 15911 | D:10     | Noticed Josephine
 15923 | D:10     | Killed Josephine
 15924 | D:10     | Reached skill level 1 in Transmutations
 15924 | D:10     | Reached skill level 1 in Fire Magic
 15924 | D:10     | Reached skill level 1 in Ice Magic
 16707 | D:11     | Noticed a two-headed ogre
 16717 | D:11     | Killed a two-headed ogre
 16754 | D:11     | Reached skill level 5 in Shields
 18050 | D:12     | Noticed a boulder beetle
 18323 | D:12     | Killed a boulder beetle
 18510 | D:12     | Noticed a two-headed ogre
 18528 | D:12     | Killed a two-headed ogre
 19237 | D:12     | Noticed a two-headed ogre
 19246 | D:12     | Killed a two-headed ogre
 19949 | D:12     | Reached skill level 9 in Fighting
 20691 | D:13     | Noticed a centaur warrior
 20697 | D:13     | Killed a centaur warrior
 21016 | D:13     | Noticed a seven-headed hydra
 21016 | D:13     | Noticed a death knight
 21032 | D:13     | Killed a death knight
 21036 | D:13     | Killed a seven-headed hydra
 21037 | D:13     | Reached XP level 13. HP: 37/101 MP: 11/27
 21544 | D:14     | You are sucked into a shaft and drop 1 floor!
 21544 | D:15     | Entered Level 15 of the Dungeon
 21988 | D:14     | Found Igux's General Store.
 21990 | D:14     | Found Zewa Fes's Jewellery Shop.
 22057 | D:14     | Bought a scroll of identify for 28 gold pieces
 22084 | D:14     | Offered knowledge of Orb of Destruction by Vehumet.
 22327 | D:14     | Reached skill level 10 in Fighting
 22436 | D:14     | Found Hunir's Distillery.
 22444 | D:14     | Bought a potion of magic for 136 gold pieces
 22444 | D:14     | Bought a potion of heal wounds for 85 gold pieces
 22563 | D:14     | Noticed a fire dragon
 22564 | D:14     | Noticed a broodmother
 22564 | D:14     | a fire dragon changed into a broodmother
 22566 | D:14     | Noticed an entropy weaver
 22566 | D:14     | a broodmother changed into an entropy weaver
 22573 | D:14     | Killed an entropy weaver
 23399 | D:14     | Found a gate to the Vaults.
 23417 | D:14     | Found Qaymnul's Antique Armour Emporium.
 23420 | D:14     | Bought a faintly humming leather armour for 259 gold pieces
 23420 | D:14     | Identified the +1 leather armour "Reih" {-Tele rC+ rCorr
                  | MP+9} (You bought it in a shop on level 14 of the Dungeon)
 23420 | D:14     | Bought an ancient leather armour for 259 gold pieces
 23420 | D:14     | Identified the +0 leather armour of Gunle {-Cast Rampage
                  | *Corrode Fly} (You bought it in a shop on level 14 of the
                  | Dungeon)
 23766 | D:15     | Found a transporter.
 23768 | D:15     | Found a transporter.
 23784 | D:15     | Noticed an ettin
 24353 | Lair:1   | Entered Level 1 of the Lair of Beasts
 24437 | Lair:1   | Reached skill level 11 in Fighting
 26633 | Lair:3   | You fall into a shaft and drop 1 floor!
 26633 | Lair:4   | Found a staircase to the Shoals.
 26788 | Lair:4   | Reached skill level 1 in Staves
 27196 | Lair:4   | Found a hole to the Spider Nest.
 27423 | Lair:3   | Gained mutation: You sometimes emit foul miasma when
                  | damaged in melee. [demonic ancestry]
 27423 | Lair:3   | Reached XP level 14. HP: 113/113 MP: 29/29
 29458 | Lair:5   | Reached skill level 12 in Fighting
 29480 | Lair:5   | Offered knowledge of Eringya's Noxious Bog by Vehumet.
 30049 | Lair:5   | Found a viscous altar of Jiyva.
 30049 | Lair:5   | Found a staircase to the Slime Pits.
 30296 | Lair:6   | Entered Level 6 of the Lair of Beasts
 30296 | Lair:6   | Noticed Nessos
 30301 | Lair:6   | Noticed Kirke
 30767 | Lair:6   | Found a runed translucent gate.
 30769 | Lair:6   | Found a runed translucent gate.
 30769 | Lair:6   | Found a runed translucent gate.
 30769 | Lair:6   | Noticed Nutum's ghost (journeyman OpTm)
 30770 | Lair:6   | Noticed Umiz's ghost (journeyman HOFi)
 30796 | Lair:6   | Found a dark tunnel.
 30807 | Volcano  | Entered a volcano
 31616 | Lair:6   | Noticed a sphinx
 31619 | Lair:6   | Killed Kirke
 31692 | Lair:6   | Killed Nessos
 32486 | Lair:6   | Reached XP level 15. HP: 100/122 MP: 31/31
 32596 | Lair:6   | Offered knowledge of Lightning Bolt by Vehumet.
 33587 | Orc:1    | Entered Level 1 of the Orcish Mines
 33830 | Orc:2    | Entered Level 2 of the Orcish Mines
 34314 | Orc:2    | Found Dovussea's Antique Weapon Emporium.
 34434 | Orc:2    | Found Mulo's Antique Armour Emporium.
 34545 | Orc:2    | Offered knowledge of Lee's Rapid Deconstruction by Vehumet.
 34719 | Orc:2    | Found Ciyseth Uluxt's Magic Scroll Shop.
 34739 | Orc:2    | Found Epnuuc's Magic Scroll Shoppe.
 34771 | Orc:2    | Found a staircase to the Elven Halls.
 34808 | Orc:2    | Paralysed by an ogre mage for 6 turns
 35599 | Orc:2    | Bought a pair of embroidered gloves for 180 gold pieces
 35599 | Orc:2    | Bought a jewelled scale mail for 216 gold pieces
 35599 | Orc:2    | Identified the +1 scale mail of Leapfrog {rElec rN++ rCorr
                  | Str-5} (You bought it in a shop on level 2 of the Orcish
                  | Mines)
 35599 | Orc:2    | Bought an embroidered robe for 88 gold pieces
 35669 | Orc:2    | Bought a scroll of identify for 28 gold pieces
 35669 | Orc:2    | Bought a scroll of blinking for 105 gold pieces
 35674 | Orc:2    | Bought a scroll of identify for 24 gold pieces
 35674 | Orc:2    | Bought a scroll of identify for 24 gold pieces
 35674 | Orc:2    | Bought a scroll of identify for 24 gold pieces
 35680 | Orc:2    | Learned a level 5 spell: Borgnjor's Vile Clutch
 35830 | D:8      | Reached skill level 10 in Shields
 35837 | D:8      | Killed Faeu's ghost
 35886 | D:8      | Got the Guide on Stones
 36317 | Spider:1 | Entered Level 1 of the Spider Nest
 36320 | Spider:1 | Reached skill level 10 in Armour
 36333 | Lair:4   | Reached skill level 1 in Necromancy
 36554 | Lair:4   | Reached skill level 1 in Earth Magic
 36721 | Lair:4   | Learned a level 6 spell: Iron Shot
 38220 | Spider:1 | Noticed an emperor scorpion
 38301 | Spider:1 | Reached skill level 13 in Fighting
 38305 | Spider:1 | Learned a level 2 spell: Passwall
 38422 | Spider:1 | Killed an emperor scorpion
 38926 | Spider:2 | Offered knowledge of Iskenderun's Battlesphere by Vehumet.
 39544 | Spider:2 | Identified Roxanne's Handbook of Earth
 39544 | Spider:2 | Noticed Roxanne
 39549 | Spider:1 | Reached XP level 16. HP: 103/130 MP: 33/33
 39893 | Spider:2 | Killed Roxanne
 40217 | Spider:2 | Reached skill level 5 in Necromancy
 43159 | Spider:3 | Reached skill level 5 in Earth Magic
 43216 | Spider:3 | Reached ****** piety under Vehumet
 43267 | Spider:3 | Found a large runed translucent door.
 43267 | Spider:3 | Found a large runed translucent door.
 43308 | Spider:3 | Noticed Mupoaf's ghost (journeyman DEVM)
 43909 | Spider:3 | Offered knowledge of Spellforged Servitor by Vehumet.
 44621 | Spider:3 | Killed Mupoaf's ghost
 44712 | Spider:4 | Entered Level 4 of the Spider Nest
 45120 | Spider:4 | Reached skill level 10 in Necromancy
 45992 | Spider:4 | Reached XP level 17. HP: 126/136 MP: 14/35
 47887 | Shoals:1 | Entered Level 1 of the Shoals
 48277 | D:14     | Bought an amulet of reflection for 450 gold pieces
 48611 | Shoals:1 | You are sucked into a shaft and drop 1 floor!
 48615 | Shoals:2 | Noticed Frances
 50588 | Shoals:1 | Reached skill level 15 in Spellcasting
 51639 | Shoals:2 | Killed Frances
 52141 | Shoals:2 | Identified the +8 rapier of a bazaar {drain, rCorr Int+5}
 52517 | Shoals:2 | Identified the +2 hunting sling of Impermanence {vorpal,
                  | Will++ rCorr}
 53615 | Shoals:3 | Noticed a kraken
 53872 | Shoals:3 | Found Ykhle's Magic Scroll Boutique.
 53948 | Shoals:3 | Bought a scroll of enchant armour for 112 gold pieces
 53948 | Shoals:3 | Bought a scroll of fog for 30 gold pieces
 54010 | Shoals:3 | Noticed Aizul
 54020 | Shoals:3 | Killed Aizul
 54021 | Shoals:3 | Gained mutation: You are completely covered in molten
                  | scales. (AC +4, rF+) [demonic ancestry]
 54021 | Shoals:3 | Reached XP level 18. HP: 15/142 MP: 16/37
 55017 | Shoals:3 | Noticed Polyphemus
 55024 | Shoals:3 | Killed Polyphemus
 55036 | Shoals:3 | Offered knowledge of Lehudib's Crystal Spear by Vehumet.
 55036 | Shoals:3 | Offered knowledge of Chain Lightning by Vehumet.
 55036 | Shoals:3 | Offered knowledge of Polar Vortex by Vehumet.
 55444 | Shoals:4 | Entered Level 4 of the Shoals
 55680 | Shoals:4 | Noticed Bai Suzhen
 56372 | Shoals:4 | Found the +10 zealot's sword {holy, *Rage rN+ EV+3}
 57460 | Shoals:4 | Got a barnacled rune of Zot
 57520 | Shoals:4 | Killed Bai Suzhen
 57671 | Shoals:4 | Identified the +4 ring mail of the Stag {rElec rN+}
 57949 | Lair:6   | Killed Umiz's ghost
 57956 | Lair:6   | Killed Nutum's ghost
 57963 | Lair:6   | Identified the +7 hand axe of Moral Flaws {vorpal, rN+++
                  | Will- Int+5}
 57968 | Lair:6   | Identified the +9 glaive of Destruction {drain, rC+}
 58269 | D:15     | Found a staircase to the Depths.
 58289 | D:15     | Found a transporter.
 58290 | D:15     | Found a transporter.
 58355 | D:15     | Reached skill level 14 in Fighting
 58582 | D:15     | Found a transporter.
 58587 | D:15     | Found a transporter.
 59837 | Elf:1    | Entered Level 1 of the Elven Halls
 59910 | Elf:1    | Found an ancient bone altar of Kikubaaqudgha.
 60461 | Elf:1    | Got Sif Muna's Guide on the Entourage
 60501 | Elf:1    | Found Eledulogof's Armour Shoppe.
 61370 | Elf:2    | Gained mutation: You punish those that try to bend your
                  | will. (Will+) [demonic ancestry]
 61370 | Elf:2    | Reached XP level 19. HP: 135/153 MP: 9/38
 61721 | Elf:2    | Found a runed translucent gate.
 61721 | Elf:2    | Found a runed translucent gate.
 61725 | Elf:2    | Found a runed translucent gate.
 61880 | Elf:2    | Paralysed by an air elemental for 1 turns
 63763 | Elf:3    | Entered Level 3 of the Elven Halls
 65112 | Elf:3    | Reached skill level 15 in Conjurations
 65268 | Elf:3    | Reached skill level 10 in Earth Magic
 65448 | Elf:3    | Reached skill level 15 in Fighting
 66227 | Elf:3    | Identified the +9 great mace of Ignis's Approval {vorpal,
                  | rElec rC- rCorr Str+4}
 66227 | Elf:3    | Identified the ring "Vinep" {rF+ Int+4}
 66614 | Elf:3    | Found the +6 arbalest "Damnation" {damnation}
 66618 | Elf:3    | Found the macabre finger necklace {rN+}
 66628 | Elf:3    | Identified the +2 robe "Iteohao" {rElec}
 66632 | Elf:3    | Got the Collected Works on Battle Magic and Ignition
 66636 | Elf:3    | Identified the +2 ring mail of Valour {Dex+3}
 66639 | Elf:3    | Identified the +6 glaive of Wuntor {spect, rElec SInv}
 66668 | Elf:3    | Identified the +7 spear of Infinity {freeze, Will+ Str+4}
 66696 | Elf:3    | Got the Disquisition on Transmutation and Conjuration
 66697 | Elf:3    | Identified the +1 plate armour of the Game Afoot {Str+6
                  | Int+6}
 67341 | Spider:4 | Got a gossamer rune of Zot
 67868 | Vaults:1 | Entered Level 1 of the Vaults
 68444 | Vaults:1 | Reached XP level 20. HP: 81/163 MP: 34/39
 70025 | Vaults:1 | Found Fuzay's Antique Weapon Shop.
 70032 | Vaults:1 | Bought a masterwork war axe for 280 gold pieces
 70032 | Vaults:1 | Identified the +9 war axe of Myetroegh {antimagic, rPois
                  | rF+ Dex-5 Stlth+} (You bought it in a shop on level 1 of
                  | the Vaults)
 70032 | Vaults:1 | Bought a warped war axe for 280 gold pieces
 70032 | Vaults:1 | Identified the +3 war axe "Vefaneg" {vorpal, Str+3} (You
                  | bought it in a shop on level 1 of the Vaults)
 71325 | Vaults:2 | Reached skill level 16 in Fighting
 71708 | Vaults:2 | Noticed Nikola
 71717 | Vaults:2 | Killed Nikola
 73681 | Vaults:3 | Found a staircase to the Crypt.
 73932 | Vaults:3 | Identified the +6 broad axe of Certain Death {drain, rElec
                  | rC- Int+5}
 73933 | Vaults:3 | Found Uffenergh's Antique Weapon Boutique.
 73964 | Vaults:3 | Found Heong's Jewellery Boutique.
 73982 | Vaults:3 | Bought the ring of Lughos {Will+ MP+9 Dex+6 Slay+2} for
                  | 1574 gold pieces
 74730 | Vaults:3 | Found Ruhawn's Weapon Boutique.
 75178 | Vaults:3 | Reached skill level 15 in Shields
 75410 | Vaults:3 | Bought 2 silver javelins for 96 gold pieces
 75528 | Vaults:4 | Gained mutation: A powerful demonic guardian rushes to your
                  | aid. [demonic ancestry]
 75528 | Vaults:4 | Reached XP level 21. HP: 153/172 MP: 41/41
 77355 | Vaults:4 | Reached skill level 5 in Fire Magic
 77752 | Vaults:4 | Found Bentocek's General Store.
 77835 | Vaults:4 | Bought a potion of brilliance for 80 gold pieces
 77835 | Vaults:4 | Bought a +0 cloak of poison resistance for 170 gold pieces
 78018 | Vaults:4 | Noticed Margery
 78037 | Vaults:4 | Killed Margery
 78510 | Crypt:1  | Entered Level 1 of the Crypt
 78527 | Crypt:1  | Reached skill level 17 in Fighting
 78693 | Crypt:1  | Noticed Sojobo
 78702 | Crypt:1  | Killed Sojobo
 80785 | Crypt:2  | Found a transporter.
 81560 | Crypt:2  | Found a transporter.
 82103 | Crypt:3  | Entered Level 3 of the Crypt
 82107 | Crypt:3  | Reached skill level 15 in Armour
 82365 | Crypt:3  | Noticed Frederick
 82374 | Crypt:3  | Killed Frederick
 82924 | Crypt:3  | Found a basalt altar of Yredelemnul.
 82961 | Crypt:3  | Reached XP level 22. HP: 118/183 MP: 42/42
 82965 | Crypt:3  | Reached skill level 18 in Fighting
 83905 | Crypt:3  | Got the Compendium of Darkness
 83945 | Crypt:3  | Identified the ring of Fiynust {rN+ Str+2 Int+2}
 83945 | Crypt:3  | Identified the ring of Ununiharph {rN+ Int+3}
 84316 | Crypt:3  | Identified the ring "Bizoon" {*Corrode Fly rN++ Will+
                  | Dex+6}
 84827 | Crypt:3  | Found a staircase to the Tomb.
 85456 | Crypt:3  | Identified the +9 trident of Expedience {elec, rC+ rN+
                  | Int-4 Dex+2}
 85711 | D:15     | Learned a level 8 spell: Lehudib's Crystal Spear
 85714 | Depths:1 | Entered Level 1 of the Depths
 85875 | Depths:1 | Identified the +6 longbow of Integrity {flame, Str+7}
 85875 | Depths:1 | Identified the +4 lajatang of Dim Light {elec, Fly Str+3}
 86671 | Depths:1 | Found a one-way gate to the infinite horrors of the Abyss.
 86886 | Depths:1 | Found a one-way gateway to a ziggurat.
 87101 | Depths:1 | Found a gateway to Hell.
 87653 | Depths:1 | Reached skill level 5 in Transmutations
 88024 | Depths:1 | Identified the +0 ring mail of the Pink Corner {rElec rC+
                  | Dex-5 Stlth+}
 89027 | Depths:2 | Noticed a juggernaut
 89033 | Depths:2 | Killed a juggernaut
 89324 | Depths:1 | Learned a level 6 spell: Statue Form
 89336 | Depths:1 | Learned a level 8 spell: Ignition
 89589 | Depths:1 | Learned a level 3 spell: Swiftness
 91139 | Depths:2 | Found a hazy altar of Hepliaklqana.
 91435 | Depths:2 | Reached skill level 10 in Fire Magic
 91435 | Depths:2 | Reached XP level 23. HP: 181/190 MP: 45/45
 91469 | Depths:2 | Found a one-way gate leading to the halls of Pandemonium.
 91853 | Depths:3 | Found Fygicej's Armour Emporium.
 91853 | Depths:3 | Found Zuvigiwn's Armour Shop.
 92027 | Depths:3 | Bought a +2 pair of boots for 412 gold pieces
 92101 | Depths:3 | Found Recom's Assorted Antiques.
 92109 | Depths:3 | Bought a scroll of summoning for 256 gold pieces
 92109 | Depths:3 | Bought a scroll of fog for 54 gold pieces
 92282 | Depths:3 | Found Heheavvi's Jewellery Boutique.
 93371 | Depths:3 | Got the Grimoire of the Traveller and Contamination
 93525 | Depths:3 | Paralysed by a floating eye for 4 turns
 94309 | Depths:4 | Entered Level 4 of the Depths
 96029 | Depths:4 | Found a gate to the Realm of Zot.
 97199 | Vaults:5 | Entered Level 5 of the Vaults
 97688 | Vaults:5 | Gained mutation: You frequently emit foul miasma when
                  | damaged in melee. [demonic ancestry]
 97688 | Vaults:5 | Reached XP level 24. HP: 200/200 MP: 45/45
 97975 | Vaults:5 | Reached skill level 19 in Fighting
 98659 | Vaults:5 | Noticed an ancient lich
 98676 | Vaults:5 | Killed an ancient lich
 98997 | Vaults:5 | Identified the +1 mace of Sazyom {antimagic, Str+2}
 99330 | Vaults:5 | Identified the +4 plate armour "Jiamay" {rPois SInv}
 99521 | Vaults:5 | Identified the +6 plate armour of the Alphagorgon {rF- rN+
                  | rCorr}
 99921 | Vaults:5 | Got a silver rune of Zot
100109 | Vaults:5 | Identified the +3 short sword of Foul Odours {elec, rN+++
                  | Int+2 Dex-5}
100675 | Vaults:5 | Noticed Jory
100685 | Vaults:5 | Killed Jory
101352 | Zot:1    | Entered Level 1 of the Realm of Zot
103547 | Zot:1    | Gained mutation: You are frail. (-10% HP) [mutagenic glow]
104496 | Zot:2    | Identified the +8 falchion of Delut {venom, Dex+5}
104530 | Zot:2    | Reached XP level 25. HP: 178/188 MP: 30/46
104811 | Zot:2    | Found an opulent altar of Gozag.
107778 | Zot:3    | Reached skill level 20 in Fighting
108775 | Zot:3    | Noticed a Killer Klown
108782 | Zot:3    | Killed a Killer Klown
109635 | Zot:3    | Found a runed translucent door.
109638 | Zot:3    | Noticed ShutUppercut's ghost (legendary DsGl)
109872 | Zot:3    | Killed ShutUppercut's ghost
109882 | Zot:3    | Identified the +7 hand crossbow of Kumocrah {flame, Fragile
                  | rPois rF- Str+5}
110055 | Zot:3    | Lost mutation: You are frail. (-10% HP) [potion of
                  | mutation]
110055 | Zot:3    | Gained mutation: Your spells are a little harder to cast,
                  | but a little more powerful. [potion of mutation]
110211 | Zot:4    | Found a runed translucent door.
110212 | Zot:4    | Noticed simples's ghost (veteran MiFi)
112033 | Zot:5    | Entered Level 5 of the Realm of Zot
113015 | Zot:5    | Noticed an ancient lich
113026 | Zot:5    | Noticed a dread lich
113043 | Zot:5    | Gained mutation: Your body sometimes deteriorates upon
                  | taking damage. [mutagenic glow]
113079 | Zot:4    | Killed simples's ghost
113321 | Zot:4    | Lost mutation: Your spells are a little harder to cast, but
                  | a little more powerful. [potion of mutation]
113321 | Zot:4    | Lost mutation: Your body sometimes deteriorates upon taking
                  | damage. [potion of mutation]
113321 | Zot:4    | Gained mutation: You are strong-willed. (Will+) [potion of
                  | mutation]
113321 | Zot:4    | Gained mutation: You possess an exceptional clarity of
                  | mind. [potion of mutation]
113321 | Zot:4    | Lost mutation: You possess an exceptional clarity of mind.
                  | [potion of mutation]
113481 | Zot:5    | Noticed an ancient lich
113482 | Zot:5    | Noticed an orb of fire
113491 | Zot:5    | Killed an ancient lich
113491 | Zot:5    | Gained mutation: You are weak. (Str -2) [an orb of fire]
113498 | Zot:5    | Gained mutation: You are frail. (-10% HP) [an orb of fire]
113739 | Zot:5    | Noticed an orb of fire
113748 | Zot:5    | Killed an orb of fire
113751 | Zot:5    | Noticed a Killer Klown
113756 | Zot:5    | Killed a Killer Klown
113894 | Zot:5    | Lost mutation: You are weak. (Str -2) [potion of mutation]
113894 | Zot:5    | Lost mutation: You are frail. (-10% HP) [potion of
                  | mutation]
113894 | Zot:5    | Lost mutation: You are strong-willed. (Will+) [potion of
                  | mutation]
113894 | Zot:5    | Gained mutation: You have hidden genetic potential. [potion
                  | of mutation]
113894 | Zot:5    | Lost mutation: You have hidden genetic potential. [potion
                  | of mutation]
113894 | Zot:5    | Gained mutation: You are frail. (-10% HP) [potion of
                  | mutation]
113940 | Zot:5    | Gained mutation: You are resistant to unholy torment.
                  | [demonic ancestry]
113940 | Zot:5    | Reached XP level 26. HP: 66/197 MP: 4/46
113960 | Zot:5    | Killed an ancient lich
113997 | Zot:5    | Reached skill level 10 in Transmutations
114551 | Zot:4    | Lost mutation: You are frail. (-10% HP) [potion of
                  | mutation]
114551 | Zot:4    | Gained mutation: You are frail. (-10% HP) [potion of
                  | mutation]
114551 | Zot:4    | Gained mutation: Your spells are a little harder to cast,
                  | but a little more powerful. [potion of mutation]
114551 | Zot:4    | Gained mutation: You are agile. (Dex +2) [potion of
                  | mutation]
114552 | Zot:4    | Lost mutation: You are agile. (Dex +2) [potion of mutation]
114552 | Zot:4    | Lost mutation: Your spells are a little harder to cast, but
                  | a little more powerful. [potion of mutation]
114552 | Zot:4    | Lost mutation: You are frail. (-10% HP) [potion of
                  | mutation]
114552 | Zot:4    | Gained mutation: You have large cloven feet. [potion of
                  | mutation]
114552 | Zot:4    | Gained mutation: You possess an exceptional clarity of
                  | mind. [potion of mutation]
114552 | Zot:4    | Gained mutation: You passively dampen the noise of your
                  | surroundings. [potion of mutation]
115904 | Zot:5    | Noticed a dread lich
115909 | Zot:5    | Killed a dread lich
116079 | Zot:5    | Found the +13 scythe of Curses {drain, Drain}
116130 | Zot:5    | Gained mutation: Your body sometimes deteriorates upon
                  | taking damage. [an orb of fire]
116131 | Zot:5    | Gained mutation: You are frail. (-10% HP) [an orb of fire]
116137 | Zot:5    | Gained mutation: Your magical capacity is low. (-10% MP)
                  | [an orb of fire]
116472 | Zot:5    | Lost mutation: You have large cloven feet. [potion of
                  | mutation]
116472 | Zot:5    | Lost mutation: Your body sometimes deteriorates upon taking
                  | damage. [potion of mutation]
116472 | Zot:5    | Gained mutation: You are very frail. (-20% HP) [potion of
                  | mutation]
116473 | Zot:5    | Lost mutation: Your magical capacity is low. (-10% MP)
                  | [potion of mutation]
116473 | Zot:5    | Lost mutation: You possess an exceptional clarity of mind.
                  | [potion of mutation]
116473 | Zot:5    | Gained mutation: Your system is resistant to poisons.
                  | (rPois) [potion of mutation]
116473 | Zot:5    | Gained mutation: You expend magic power (3 MP) to
                  | strengthen your wands. [potion of mutation]
116473 | Zot:5    | Gained mutation: Your mind is acute. (Int +2) [potion of
                  | mutation]
116474 | Zot:5    | Lost mutation: You are very frail. (-20% HP) [potion of
                  | mutation]
116474 | Zot:5    | Lost mutation: Your mind is acute. (Int +2) [potion of
                  | mutation]
116474 | Zot:5    | Gained mutation: You have hidden genetic defects. [potion
                  | of mutation]
116475 | Zot:5    | Lost mutation: You have hidden genetic defects. [potion of
                  | mutation]
116475 | Zot:5    | Lost mutation: You passively dampen the noise of your
                  | surroundings. [potion of mutation]
116475 | Zot:5    | Lost mutation: Your system is resistant to poisons. (rPois)
                  | [potion of mutation]
116475 | Zot:5    | Gained mutation: You have hidden genetic defects. [potion
                  | of mutation]
116475 | Zot:5    | Gained mutation: You are clumsy. (Dex -2) [potion of
                  | mutation]
116475 | Zot:5    | Gained mutation: A frigid envelope surrounds you and
                  | freezes all who hurt you. [potion of mutation]
116476 | Zot:5    | Lost mutation: You are frail. (-10% HP) [potion of
                  | mutation]
116476 | Zot:5    | Lost mutation: You are clumsy. (Dex -2) [potion of
                  | mutation]
116476 | Zot:5    | Lost mutation: A frigid envelope surrounds you and freezes
                  | all who hurt you. [potion of mutation]
116476 | Zot:5    | Gained mutation: Your spells are a little harder to cast,
                  | but a little more powerful. [potion of mutation]
116629 | Zot:5    | Killed an orb of fire
117272 | Zot:5    | Reached skill level 15 in Fire Magic
118073 | Zot:5    | Noticed an orb of fire
118075 | Zot:5    | Gained mutation: You are occasionally teleported next to
                  | monsters. [an orb of fire]
118076 | Zot:5    | Noticed an ancient lich
118077 | Zot:5    | Gained mutation: You tend to lose your temper in combat.
                  | [an orb of fire]
118082 | Zot:5    | Killed an orb of fire
118084 | Zot:5    | Killed an ancient lich
118085 | Zot:5    | Lost mutation: You have hidden genetic defects. [potion of
                  | mutation]
118085 | Zot:5    | Lost mutation: You expend magic power (3 MP) to strengthen
                  | your wands. [potion of mutation]
118085 | Zot:5    | Gained mutation: You are clumsy. (Dex -2) [potion of
                  | mutation]
118085 | Zot:5    | Gained mutation: You have an increased reservoir of magic.
                  | (+10% MP) [potion of mutation]
118085 | Zot:5    | Gained mutation: You are weak. (Str -2) [potion of
                  | mutation]
118085 | Zot:5    | Gained mutation: Your mind is acute. (Int +2) [potion of
                  | mutation]
118086 | Zot:5    | Lost mutation: You are occasionally teleported next to
                  | monsters. [potion of mutation]
118086 | Zot:5    | Lost mutation: You are weak. (Str -2) [potion of mutation]
118086 | Zot:5    | Lost mutation: You have an increased reservoir of magic.
                  | (+10% MP) [potion of mutation]
118086 | Zot:5    | Gained mutation: Your spells are harder to cast, but more
                  | powerful. [potion of mutation]
118425 | Zot:5    | Killed a dread lich
118493 | Zot:5    | Reached skill level 21 in Fighting
118644 | Zot:5    | Lost mutation: Your mind is acute. (Int +2) [potion of
                  | mutation]
118644 | Zot:5    | Lost mutation: Your spells are harder to cast, but more
                  | powerful. [potion of mutation]
118644 | Zot:5    | Gained mutation: Armour fits poorly on your strangely
                  | shaped body. [potion of mutation]
118644 | Zot:5    | Lost mutation: You tend to lose your temper in combat.
                  | [potion of mutation]
118645 | Zot:5    | Lost mutation: Your spells are a little harder to cast, but
                  | a little more powerful. [potion of mutation]
118645 | Zot:5    | Lost mutation: Armour fits poorly on your strangely shaped
                  | body. [potion of mutation]
118645 | Zot:5    | Gained mutation: Your flesh is cold resistant. (rC+)
                  | [potion of mutation]
118645 | Zot:5    | Gained mutation: You sometimes lose the ability to read
                  | scrolls when taking damage. [potion of mutation]
118645 | Zot:5    | Lost mutation: You are clumsy. (Dex -2) [potion of
                  | mutation]
118646 | Zot:5    | Lost mutation: You sometimes lose the ability to read
                  | scrolls when taking damage. [potion of mutation]
118646 | Zot:5    | Lost mutation: Your flesh is cold resistant. (rC+) [potion
                  | of mutation]
118646 | Zot:5    | Gained mutation: You expend magic power (3 MP) to
                  | strengthen your wands. [potion of mutation]
118777 | Hell     | Entered the Vestibule of Hell
118777 | Hell     | Noticed Geryon
118792 | Hell     | Killed Geryon
118794 | Hell     | HP: 10/288 [constriction (7)]
118795 | Hell     | Slain by a hellephant

Illustrated notes

Levels and vault maps discovered:
D:1:      minmay_arrival_hallway, layout_loops_ring
D:2:      layout_basic, grunt_ministairs_13, uniq_jessica, uniq_natasha
D:3:      layout_basic, hellmonk_ecumenical_altar_lost_god, uniq_sigmund
D:4:      minmay_bubble_buster, layout_cave_pods, minmay_temple_entry_ruins,
          serial_forest, infiniplex_forest_straight_5,
          infiniplex_forest_lined_room_2, infiniplex_forest_clump_small,
          infiniplex_forest_end_3, infiniplex_forest_clump_small,
          infiniplex_forest_straight_1, infiniplex_forest_fountain,
          infiniplex_forest_clump_cross, infiniplex_forest_lined_corner,
          infiniplex_forest_lined_room_, kennysheep_generic_room_4, uniq_ijyb
D:5:      layout_rooms, cheibrodos_ashenzari_chains, serial_shops,
          shop_fountains, gup_sewer_entry_bubbles, nicolae_underground_beach,
          uniq_menkaure
D:6:      minmay_evil_eye, layout_rooms, kennysheep_diamond
D:7:      layout_gridville, serial_bayou_lake_a, uniq_pikel
D:8:      layout_loops_ring, hellmonk_ghost_big_iron, hex_tiny
D:9:      layout_basic, dpeg_lair_monsters,
          kennysheep_orc_monster_closet_entryway, grunt_decor_cap, uniq_psyche,
          uniq_grum
D:10:     wad_river_or_something, layout_long_grid, enter_bailey_7,
          serial_shops, shop, uniq_sonja, uniq_josephine
D:11:     layout_basic
D:12:     layout_basic
D:13:     layout_roguey
D:14:     layout_rooms, david_vaults_2, serial_shops, kennysheep_mini_moat,
          shop, nicolae_square_shop, shop
D:15:     hangedman_depths_entry_civil_slaughter, layout_layer_cave,
          minmay_misc_feat_plants, serial_nicolae_subway,
          nicolae_sub_station_metal, nicolae_sub_station_crystal,
          nicolae_sub_station_stone
Temple:   mainiacjoe_temple_starburst
Lair:1:   layout_cave_pods
Lair:2:   layout_chaotic_city, lemuel_fruit_tree, infiniplex_staircase_pool,
          serial_bayou_shore_b, serial_bayou_shore_b
Lair:3:   layout_hall_layers
Lair:4:   layout_big_grid, elwin_shoals_entry_rocks,
          spider_nest_entry_funnel_web, st_stairs_9, grunt_megastairs_1
Lair:5:   layout_gridlike, dpeg_slime_entry_enclosed_altar,
          chequers_serial_rivers_marsh, serial_bayou_shore_b
Lair:6:   evilmike_catoblepas_cave, layout_concentric_octagons,
          gammafunk_ghost_cemetery, enter_volcano_1, uniq_nessos, uniq_kirke
Shoals:1: layout_shoals, nicolae_shoals_lost_giant_amphitheater
Shoals:2: cheibrodos_shoals_three_sisters, layout_shoals, uniq_frances
Shoals:3: layout_shoals, nicolae_shoals_land_atoll, nicolae_stop_n_shop_2,
          uniq_polyphemus, uniq_aizul
Shoals:4: shoals_end_grunt_ice, layout_shoals, uniq_bai_suzhen
Spider:1: layout_spider_delve
Spider:2: layout_spider_delve, spiders_nest_spider_trap, uniq_roxanne
Spider:3: layout_chambers, ebering_ghost_disaster_area,
          hangedman_stitches_earthworm
Spider:4: grunt_spider_rune_circles
Orc:1:    cheibrodos_orc_bank, layout_caves
Orc:2:    st_orc_open, layout_diamond_mine
Elf:1:    layout_geoelf_octagon, serial_shops, shop_fountains, basic_altar,
          minmay_elf_demonology, roderic_lattice_octagonal_star
Elf:2:    elven_hall_of_blades_hangedman_original [mumra_blade_entry_dagger],
          layout_gridlike, minivault_25_ag
Elf:3:    minmay_elf_hall_circle, layout_geoelf_diagonals,
          nicolae_elf_glassroom_feature
Vaults:1: v_alt_pattern_1, st_cross, nicolae_vaults_diagonal_hallway_8,
          v_misc_15, nicolae_vaults_sealed_display, vaults_dpeg_spiral,
          ontoclasm_vaults_decontamination, vaults_dpeg_hooks,
          ontoclasm_vaults_gateway, v_rooms_3, v_misc_5,
          vaults_room_stairs_pillars, layout_vaults_maze_snakey, serial_shops,
          nicolae_shop_trees
Vaults:2: ontoclasm_vaults_ring_large, vaults_room_pool,
          nicolae_vaults_network_quinsquares
          [nicolae_vaults_network_quincunx_subvault,
          nicolae_vaults_network_quincunx_subvault,
          nicolae_vaults_network_quincunx_subvault,
          nicolae_vaults_network_quincunx_subvault], v_misc_17, v_misc_17,
          nicolae_vaults_three_branches, hangedman_vaults_cutoff,
          nicolae_vaults_angled_halls, v_misc_24, v_misc_19, layout_vaults_ring,
          uniq_nikola
Vaults:3: nicolae_vaults_little_ls, v_alt_pattern_6, v_misc_2,
          vaults_room_door_ring, nicolae_vaults_network_star,
          vaults_dpeg_diagonal, vaults_mumra_minichess, blue_anna_dwarven_crypt,
          v_misc_27, v_misc_22, vaults_room_stairs_pillars, v_pattern_4,
          layout_vaults_big_room, serial_shops, shop, nicolae_shop_stone,
          nicolae_shop_bloodbath_and_beyond
Vaults:4: hangedman_vaults_maws, nicolae_vaults_stairing_the_circle,
          hangedman_vaults_cutoff, hangedman_vaults_pinch, grunt_vaults_bifocal,
          v_misc_22, v_misc_17, layout_vaults_omnigrid, serial_shops, shop,
          uniq_margery
Vaults:5: serial_shops, uniq_jory
Crypt:1:  layout_basic, uniq_sojobo
Crypt:2:  gammafunk_dig_for_victory, layout_gridlike
Crypt:3:  grunt_crypt_end_deaths_head, uniq_frederick
Depths:1: layout_basic, enter_ziggurat_a, hangedman_abyss_entry_splay,
          hangedman_coc_ice_floe, beargit_elvish_explorers, serial_bayou_shore_b
Depths:2: minmay_inside_and_out, layout_cave_pools,
          nicolae_hepliaklqana_hippocampus, pan_entry, hell_entry
Depths:3: minmay_the_grid_4x2 [minmay_the_grid_tree, minmay_the_grid_square_x,
          minmay_the_grid_dragon_a, minmay_the_grid_slots,
          minmay_the_grid_minigrid_large, minmay_the_grid_spin_star,
          minmay_the_grid_expand, minmay_the_grid_prize_four_corners],
          layout_cave_pools, infiniplex_staircase_pillars_2, hell_entry,
          abyss_entry, serial_bayou, serial_bayou_pond_b, serial_bayou_pond_d,
          serial_bayou_crossing, serial_bayou_lagoon_a, serial_bayou_pond_d,
          serial_shops, nicolae_shop_advertising_works
          [nicolae_subvault_shop_adworks], shop, nicolae_shop_window_shopping,
          shop
Depths:4: grunt_zot_entry_gee_three, layout_gridville, skrybe_limestone_x,
          pf_hell_entry_tar_river
Hell
Zot:1:    layout_concentric_octagons
Zot:2:    layout_cathedral_of_symmetry, hangedman_feature_mirror
Zot:3:    layout_misc_corridors, ebering_ghost_reflecting_pool
Zot:4:    layout_onion, ebering_ghost_inner_flame
Zot:5:    layout_basic

Skill      XL: |  1  2  3  4  5  6  7  8  9 10 11 12 13 14 15 16 17 18 19 20 21 22 23 24 25 26 |
---------------+-------------------------------------------------------------------------------+-----
Spellcasting   | 3 4 5 6 7 8 9 10 11 12 13 14 15 16 18 19 | 19.9
Conjurations   | 5 6 7 9 10 11 12 14 15 | 15.0
Fighting       | 2 6 7 8 9 11 12 13 14 15 16 17 18 19 20 21 | 21.0
Armour         | 2 5 6 7 8 9 10 11 12 13 15 16 17 18 | 18.0
Shields        | 4 6 8 9 10 11 12 13 15 16 17 18 | 18.2
Transmutations | 3 6 9 10 | 10.5
Fire Magic     | 3 4 6 10 11 13 14 15 | 15.1
Ice Magic      | 3 |  3.0
Staves         | 1 3 |  3.0
Necromancy     | 3 10 12 | 12.0
Earth Magic    | 3 6 8 9 10 11 12 13 | 13.4
Stealth        | 3 |  3.0
Dodging        | 3 |  3.0

Action                   |  1- 3 |  4- 6 |  7- 9 | 10-12 | 13-15 | 16-18 | 19-21 | 22-24 | 25-27 || total
-------------------------+-------+-------+-------+-------+-------+-------+-------+-------+-------++-------
Melee: Unarmed           |    16 |       |       |       |       |       |       |       |       ||    16
       Punch             |     2 |       |     5 |       |       |       |       |       |       ||     7
       Dagger            |    59 |    17 |   158 |   130 |    24 |       |       |       |       ||   388
       Headbutt          |     9 |     2 |    37 |    39 |    77 |    79 |   239 |   153 |    73 ||   708
       Whip              |       |       |     6 |       |       |       |       |       |       ||     6
       Staff             |       |       |       |     8 |    29 |       |       |       |       ||    37
       Rapier            |       |       |       |       |    29 |       |       |       |       ||    29
       Scimitar          |       |       |       |       |    14 |       |       |       |       ||    14
       Broad axe         |       |       |       |       |   133 |   228 |    74 |       |       ||   435
       War axe           |       |       |       |       |    20 |       |       |       |       ||    20
       Spear             |       |       |       |       |       |       |   632 |   445 |   203 ||  1280
Throw: Throwing net      |       |       |       |       |       |     1 |       |       |     4 ||     5
       Javelin           |       |       |       |       |       |       |       |       |     2 ||     2
 Cast: Magic Dart        |    38 |   128 |    68 |    77 |    12 |     4 |       |       |       ||   327
       Searing Ray       |     1 |     3 |    55 |   100 |    60 |     2 |       |       |       ||   221
       Static Discharge  |       |       |     8 |       |       |       |       |       |       ||     8
       Dazzling Flash    |       |       |     2 |     6 |     8 |     1 |       |       |       ||    17
       Mephitic Cloud    |       |       |     1 |    45 |    39 |    17 |     2 |       |       ||   104
       Fulminant Prism   |       |       |       |    29 |     2 |       |       |       |       ||    31
       Flame Wave        |       |       |       |     4 |    22 |     1 |       |       |       ||    27
       Irradiate         |       |       |       |     3 |    19 |    14 |     3 |    14 |     4 ||    57
       Freezing Cloud    |       |       |       |       |   228 |   184 |    72 |    48 |    40 ||   572
       Iron Shot         |       |       |       |       |    31 |   322 |   211 |   403 |   270 ||  1237
       Borgnjor's Vile C |       |       |       |       |       |   285 |   285 |   326 |   161 ||  1057
       Passwall          |       |       |       |       |       |     1 |     2 |       |     5 ||     8
       Swiftness         |       |       |       |       |       |       |       |     8 |     6 ||    14
       Statue Form       |       |       |       |       |       |       |       |    14 |     5 ||    19
       Lehudib's Crystal |       |       |       |       |       |       |       |     5 |    18 ||    23
       Ignition          |       |       |       |       |       |       |       |    23 |     8 ||    31
 Abil: End Transformatio |       |       |       |       |       |       |       |    11 |     3 ||    14
       Evoke Blink       |       |       |       |       |       |       |       |     1 |       ||     1
Evoke: Phantom mirror    |       |       |       |     1 |       |       |       |       |       ||     1
       Tin of tremorston |       |       |       |       |       |       |       |       |     2 ||     2
  Use: Potion            |     1 |     2 |       |     4 |     7 |    15 |     9 |     2 |    30 ||    70
       Scroll            |       |       |     6 |    11 |    20 |     8 |    22 |     6 |    11 ||    84
 Stab: Sleeping          |     1 |       |     3 |       |       |       |       |       |       ||     4
       Invisible         |       |       |     2 |       |       |       |       |       |       ||     2
       Confused          |       |       |       |     7 |     5 |       |       |       |       ||    12
       Petrified         |       |       |       |       |     2 |       |       |       |       ||     2
       Distracted        |       |       |       |       |       |       |     1 |     1 |     1 ||     3
Armor: Robe              |    15 |    18 |    61 |       |    59 |   177 |       |       |       ||   330
       Scale mail        |       |       |    34 |   226 |    57 |    10 |   374 |   276 |    65 ||  1042
       Leather armour    |       |       |       |       |   144 |    14 |       |    17 |       ||   175
       Skin              |       |       |       |       |       |       |       |   101 |    22 ||   123
       Plate armour      |       |       |       |       |       |       |       |       |   208 ||   208
Dodge: Dodged            |    60 |    38 |   178 |   133 |   221 |   163 |   204 |   229 |   122 ||  1348
Block: Kite shield       |       |       |       |   181 |   364 |   410 |   853 |   633 |   328 ||  2769
       Reflection        |       |       |       |       |       |    34 |    96 |     6 |       ||   136
